 Dungeon Crawl Stone Soup version 0.31.0-9-g3a7656b989 (webtiles) character file.

Game seed: 9519693644853310806

1567 Marvel the Grappler (level 8, -2/69 (79) HPs)
             Began as a Troll Berserker on Feb 3, 2024.
             Was an Elder of Trog.
             Slain by a wight
             ... wielding a +3 morningstar
              (7 damage)
             ... on level 6 of the Dungeon.
             The game lasted 00:06:20 (4988 turns).

Marvel the Grappler (Troll Berserker)               Turns: 4988, Time: 00:06:20

HP:   -2/69 (79)    AC:  5    Str: 28    XL:     8   Next: 59%
MP:   7/7           EV: 10    Int:  9    God:    Trog [****..]
Gold: 277           SH:  0    Dex:  9    Spells: 7/7 levels left

rFire   . .          .
                       - Unarmed
rCold   . . .        (no shield)
rNeg    . . .        a - +0 animal skin
rPois   .            (helmet restricted)
rElec   +            m - +0 cloak
rCorr   .            (gloves unavailable)
SInv    +            (boots unavailable)
Will    .....        (no amulet) Stlth
                     A - ring of Bit Ugy {rElec Int+6 SInv Stlth-}
HPRegen 1.11/turn    (no ring)
MPRegen 0.10/turn

%: no passive effects
@: heavily drained
A: large, unfitting armour, claws 3, regeneration 1, shaggy fur 1, tough skin 1
a: Renounce Religion, Berserk, Trog's Hand, Brothers in Arms


You were on level 6 of the Dungeon.
You worshipped Trog.
Trog was greatly pleased with you.
You visited 1 branch of the dungeon, and saw 7 of its levels.
You also visited: Sewer.

You collected 371 gold pieces.
You spent 94 gold pieces at shops.

Inventory:

Missiles
 t - 2 poisoned darts (quivered)
Armour
 a - a +0 animal skin (worn)
 m - a +0 cloak (worn)
 w - a scarf of shadows
Jewellery
 e - a +6 ring of intelligence
 q - a ring of positive energy
 A - the ring of Bit Ugy (left claw) {rElec Int+6 SInv Stlth-}
   (You found it on level 6 of the Dungeon)

   [ring of see invisible]

   Int+6:     It affects your intelligence (+6).
   rElec:     It insulates you from electricity.
   SInv:      It lets you see invisible.
   Stlth-:    It makes you less stealthy.
 C - a +6 ring of intelligence
Wands
 B - a wand of mindburst (13)
Scrolls
 c - 3 scrolls of identify {unknown}
 d - 5 scrolls of amnesia {unknown}
 f - a scroll of enchant weapon {unknown}
 g - a scroll of butterflies {unknown}
 k - 6 scrolls of teleportation
 u - 3 scrolls of noise
 x - 2 scrolls of brand weapon {unknown}
 y - a scroll of blinking {unknown}
 z - a scroll of poison {unknown}
Potions
 b - 3 potions of heal wounds {unknown}
 h - 2 potions of ambrosia {unknown}
 i - 3 potions of might {unknown}
 j - 2 potions of brilliance {unknown}
 l - 2 potions of curing
 n - 3 potions of attraction {unknown}
 o - a potion of cancellation {unknown}
 p - 3 potions of enlightenment
 r - 3 potions of degeneration
 s - a potion of invisibility {unknown}
 v - a potion of lignification {unknown}


   Skills:
 + Level 4.4 Fighting
 - Level 2.4 Dodging
 + Level 10.4 Unarmed Combat


You had 7 spell levels left.
You didn't know any spells.
Your spell library was empty.

Dungeon Overview and Level Annotations

Branches:
Dungeon (7/15)             Temple (0/1) D:6           Sewer (visited)

Altars:
Makhleb

Shops:
D:4 *(![=   D:6 (


Innate Abilities, Weirdness & Mutations

You are too large for most types of armour.
You have claws for hands.
Your natural rate of healing is unusually fast.
You are covered in fur. (AC +1)
You have tough skin. (AC +1)


Message History

You mangle the iguana!!
You kill the iguana!
Trog accepts your kill.
You see here a +0 falchion.
As you open the door, it creaks loudly!
No target in view!
Done exploring.
There is an open door here.
There is a stone staircase leading down here.
You climb downwards.
You hear the hiss of flowing sand.
There is an entrance to an ossuary on this level.
Hurry and find it before the portal is buried!
There is a stone staircase leading up here.
A jelly comes into view.
The jelly quivers.
The wight hits you with a +0 dagger.
The wight hits you with a +3 morningstar!
The wight hits you with a +0 great sword.
You feel drained.
You scratch the wight.
The wight is moderately damaged.
You claw the wight!
The wight is severely damaged.
The wight hits you with a +3 morningstar!
The wight hits you with a +0 dagger.
You feel drained.
The wight hits you with a +0 great sword!
You feel drained. The wight attacks as it pursues you!
The wight hits you with a +3 morningstar!
You feel drained.
There is a stone staircase leading up, spattered with blood here.
The wight hits you with a +3 morningstar!
* * * LOW HITPOINT WARNING * * *
You climb upwards.
There is a stone staircase leading down here.
You closely miss the wight.
The wight hits you with a +3 morningstar!
* * * LOW HITPOINT WARNING * * *
You feel drained.
You die...

#......# ########.....##....##.
#......######...#......#....##.
#......#...........###.#....##.
#..∩...#......###......########
#......#...|..# #......# #
#............># #......# ##
####.........## #......# #.
#.........#####.....### #.
#.<...#'###@..#.)#....# ##.
#.....#.# #z#.........# #..
#.....#'###.#.........# #..
#.........#.#.........# ##..
#.........#....###....# #.#.
#.........###.## ###### #.#.
#.....(...###.### ##.#.
#.........##....########...#
#.....#######.#.......##...#


You could see a wight.

Vanquished Creatures
  A water moccasin (D:6)
  An ice beast (D:6)
  2 ogres (D:5)
  5 scorpions
  Crazy Yiuf (D:2)
  A gnoll bouda (D:5)
  3 orc priests
  A hound (D:4)
  A jelly (D:6)
  3 iguanas
  7 orc wizards
  2 sleepcaps (D:4)
  Natasha (D:4)
  7 gnolls
  7 adders
  5 river rats (Sewer)
  A white imp (D:6)
  4 ufetubi (D:5)
  An adder zombie (D:3)
  4 dart slugs
  A ribbon worm (Sewer)
  21 orcs
  9 endoplasms
  3 giant cockroaches
  5 goblins
  6 hobgoblins
  4 jackals
  7 kobolds
  8 quokkas
  13 ball pythons
  8 bats
  5 frilled lizards
  2 giant cockroach zombies (D:3)
  5 rats
155 creatures vanquished.

Vanquished Creatures (others)
  An orc wizard (D:3)
1 creature vanquished.

Grand Total: 156 creatures vanquished

Notes
Turn   | Place    | Note
-------+----------+-------------------------------------------
     0 | D:1      | Marvel the Troll Berserker began the quest for the Orb.
     0 | D:1      | Reached XP level 1. HP: 22/22 MP: 0/0
   103 | D:1      | Reached XP level 2. HP: 29/29 MP: 1/1
   338 | D:1      | Reached ** piety under Trog
   546 | D:1      | Reached XP level 3. HP: 36/36 MP: 2/2
   762 | D:2      | Reached skill level 4 in Unarmed Combat
   780 | D:2      | Reached XP level 4. HP: 39/45 MP: 3/3
  1212 | D:2      | Found a runed translucent door.
  1213 | D:2      | Noticed Crazy Yiuf
  1217 | D:2      | Killed Crazy Yiuf
  1218 | D:2      | Reached skill level 5 in Unarmed Combat
  1367 | D:3      | Reached XP level 5. HP: 53/53 MP: 4/4
  1467 | D:3      | Reached *** piety under Trog
  1887 | D:4      | Found Rarisot's Distillery.
  1902 | D:4      | Bought a potion of degeneration for 13 gold pieces
  1902 | D:4      | Bought a potion of curing for 39 gold pieces
  2025 | D:4      | Reached skill level 6 in Unarmed Combat
  2034 | D:4      | Found Dewoiq's Jewellery Shop.
  2050 | D:4      | Found a burning altar of Makhleb.
  2277 | D:4      | Noticed Natasha
  2282 | D:4      | Killed Natasha
  2283 | D:4      | Reached XP level 6. HP: 61/61 MP: 5/5
  2486 | D:4      | Found Diydi's Armour Boutique.
  2511 | D:4      | Found Kutzoh's Antique Weapon Shoppe.
  2530 | D:4      | Found Leoqudohuo's General Store.
  2538 | D:4      | Bought a scroll of teleportation for 42 gold pieces
  2551 | D:4      | Reached skill level 7 in Unarmed Combat
  2727 | D:5      | Entered Level 5 of the Dungeon
  2754 | D:5      | Reached XP level 7. HP: 60/67 MP: 6/6
  3014 | D:5      | Reached skill level 8 in Unarmed Combat
  3353 | D:5      | Reached **** piety under Trog
  3756 | D:6      | Reached skill level 9 in Unarmed Combat
  3756 | D:6      | Reached XP level 8. HP: 62/78 MP: 7/7
  3770 | D:6      | Found a glowing drain.
  3774 | Sewer    | Entered a sewer
  4373 | D:6      | Identified the ring of Bit Ugy {rElec Int+6 SInv Stlth-}
  4414 | D:6      | Found Jirasm's Antique Weapon Shop.
  4440 | D:6      | Found a staircase to the Ecumenical Temple.
  4523 | D:6      | Reached skill level 10 in Unarmed Combat
  4988 | D:6      | Slain by a wight

Illustrated notes

Levels and vault maps discovered:
D:1:      dpeg_arrival_chambers_temple_mockup, layout_loops_cross, fountainhead
D:2:      layout_basic, uniq_crazy_yiuf_cottage
D:3:      layout_loops_ring, serial_undead, serial_undead_a, serial_undead_a,
          serial_undead_a, serial_undead_b
D:4:      layout_basic, bloody_makhleb, serial_shops, shop,
          nicolae_shop_crystal, nicolae_shop_trees, nicolae_shop_waterfront,
          nicolae_shop_crystal, uniq_natasha
D:5:      layout_basic
D:6:      nicolae_BIG_FREAKIN_CUBE, layout_basic,
          minmay_temple_entry_metal_lava,
          mainiacjoe_sewer_entry_somewhere_in_here_2, serial_shops, shop
D:7:      layout_basic, nicolae_ossuary_entry_plus, gammafunk_ghost_arena

Skill      XL: |  1  2  3  4  5  6  7  8 |
---------------+-------------------------+-----
Fighting       | 3 4 |  4.4
Unarmed Combat | 4 5 6 7 9 10 | 10.4
Dodging        | |  2.4

Action                     |  1- 3 |  4- 6 |  7- 9 || total
---------------------------+-------+-------+-------++-------
  Melee: Unarmed           |    73 |   140 |   139 ||   352
         Punch             |       |     4 |     4 ||     8
   Stab: Sleeping          |     1 |     1 |     1 ||     3
 Armour: Animal skin       |    38 |    90 |    97 ||   225
  Dodge: Dodged            |    42 |    38 |    65 ||   145
